 Dungeon Crawl Stone Soup version 0.29.0-4-gdea44cf6ec (webtiles) character file.

Game seed: 17854694841384394382

17361 qw the Brawler (level 12, -1/115 HPs)
             Began as a Troll Cinder Acolyte on Sept 2, 2022.
             Was an Initiate of Okawaru.
             Slain by a death yak (14 damage)
             ... on level 3 of the Lair of Beasts.
             The game lasted 00:05:38 (10151 turns).

qw the Brawler (Troll Cinder Acolyte)              Turns: 10151, Time: 00:05:38

Health: -1/115     AC: 14    Str: 29    XL:     12   Next: 18%
Magic:  12/12      EV:  8    Int: 10    God:    Okawaru [......]
Gold:   703        SH: 11    Dex:  5    Spells: 13/13 levels left

rFire   . . .      SeeInvis .     - Unarmed
rCold   + . .      Faith    .   q - +2 kite shield
rNeg    . . .      Spirit   .   o - +0 steam dragon scales
rPois   .          Reflect  .   (helmet restricted)
rElec   .          Harm     .   j - +2 cloak
rCorr   .          Rampage  .   (gloves unavailable)
Will    .....                   (boots unavailable)
Stlth   +.........              (no amulet)
HPRegen 1.09/turn               b - ring of protection from cold
MPRegen 0.13/turn               h - +4 ring of protection

@: fire susceptible
A: large, unfitting armour, claws 3, regeneration 1, shaggy fur 1, tough skin 1
a: Renounce Religion


You were on level 3 of the Lair of Beasts.
You worshipped Okawaru.
Okawaru was noncommittal.
You visited 3 branches of the dungeon, and saw 13 of its levels.

You collected 703 gold pieces.


Innate Abilities, Weirdness & Mutations

You are too large for most types of armour.
You have claws for hands.
Your natural rate of healing is unusually fast.
You are covered in fur. (AC +1)
You have tough skin. (AC +1)


   Skills:
 - Level 6.3 Fighting
 + Level 1.3 Throwing
 - Level 2.0 Armour
 - Level 1.8 Dodging
 - Level 10.1 Shields
 - Level 15.0 Unarmed Combat
 - Level 1.0 Spellcasting
 - Level 2.1 Fire Magic


You had 13 spell levels left.
You didn't know any spells.
Your spell library contained the following spells:

 Spells                   Type           Power      Damage    Failure   Level
 Scorch                   Fire           8%         2d5       36%         2

Inventory:

Missiles
 l - 10 boomerangs (quivered)
Armour
 j - a +2 cloak (worn)
 o - +0 steam dragon scales (worn)
 q - a +2 kite shield (worn)
Jewellery
 b - a ring of protection from cold (left claw)
 h - a +4 ring of protection (right claw)
Scrolls
 g - 4 scrolls of brand weapon
 k - a scroll of identify
 m - 7 scrolls of enchant weapon
Potions
 d - 7 potions of haste
 e - 2 potions of resistance
 p - 3 potions of curing
 s - a potion of mutation

Dungeon Overview and Level Annotations

Branches:
Dungeon (9/15)             Temple (1/1) D:6            Lair (3/5) D:9
  Swamp: Lair:2-3    Shoals: Lair:2-3     Snake: Lair:2-3    Spider: Lair:2-3
    Orc: D:9-12

Altars:
Cheibriados
Dithmenos
Elyvilon
Fedhas
Hepliaklqana
Kikubaaqudgha
Nemelex Xobeh
Okawaru
Qazlal
Ru
Sif Muna
Trog
Vehumet
Yredelemnul
Zin
The Shining One

Shops:
D:6 (   D:7 (


Message History

The death yak attacks as you move away! You block the death yak's attack.
You mangle the death yak!!
The death yak is heavily wounded.
You hear a bellow!
You mangle the death yak!!
The death yak is severely wounded.
The death yak gores you but does no damage.
You mangle the death yak!!
The death yak is almost dead.
You block the death yak's attack.
10140 ||| Stepping ~*~*~tactically~*~*~ (outnumbered).
The death yak attacks as you move away! The death yak gores you!!
The death yak attacks as you move away! You block the death yak's attack.
10141 ||| Stepping ~*~*~tactically~*~*~ (outnumbered).
The death yak attacks as you move away! The death yak gores you.
10142 ||| Stepping ~*~*~tactically~*~*~ (outnumbered).
The death yak attacks as you move away! The death yak barely misses you.
10143 ||| Stepping ~*~*~tactically~*~*~ (outnumbered).
The death yak attacks as you move away! The death yak gores you!!
10144 ||| Stepping ~*~*~tactically~*~*~ (outnumbered).
The death yak attacks as you move away! You block the death yak's attack.
The death yak attacks as you move away! The death yak gores you!!
10145 ||| READING scroll of teleportation.
As you read the scroll of teleportation, it crumbles to dust.
You feel strangely unstable. The death yak closely misses you.
You mangle the death yak!!
The death yak is moderately wounded.
You block the death yak's attack.
You barely miss the death yak.
The death yak is moderately wounded.
The death yak gores you.
You mangle the death yak!!
The death yak is heavily wounded.
Your surroundings seem slightly different.
10150 ||| Stepping ~*~*~tactically~*~*~ (outnumbered).
The death yak attacks as you move away! You block the death yak's attack.
10151 ||| Stepping ~*~*~tactically~*~*~ (outnumbered).
The death yak attacks as you move away! The death yak gores you!
You die...

####..# ...Y... ##P...#
....... ......# ##|......
......## ### ###......Y.
.......# ##.# ##...#
.......## ... #....##
........# #.## #.....#
/.......# #..# ##...##
.......## #.@###....#
......%.## ####.YY<.....#
.........###.P#.Y.......##..
.............>.............).
..###..##..######.#.P.##P.P.#
### ####.##### #ยค######
##### . #P.###.P#.##..###
...........%......
..................


You could see 3 death yaks.

Vanquished Creatures
  4 hydras
  Erica (Lair:2)
  Harold (D:9)
  Pikel (D:4)
  4 black mambas
  Maggie (D:6)
  6 cane toads
  An unseen horror (D:9)
  A rime drake (Lair:3)
  5 komodo dragons
  A troll (D:9)
  5 blink frogs (Lair:2)
  Sigmund (D:6)
  A wraith (D:6)
  9 yaks
  2 basilisks
  Eustachio (D:6)
  2 fire elementals (Lair:3)
  2 steam dragons
  7 water moccasins
  3 ice beasts (D:5)
  An ogre (D:4)
  3 orc warriors
  4 black bears
  6 wolves
  2 centaurs
  2 lemures (D:4)
  A kobold brigand (D:8)
  7 bullfrogs
  2 gnoll sergeants
  3 scorpions
  A necrophage (D:6)
  3 wights (D:8)
  2 electric eels
  3 howler monkeys
  A jelly (D:6)
  7 orc priests
  8 hounds
  2 gnoll boudas
  4 iguanas
  9 orc wizards
  11 gnolls
  8 adders
  A white imp (D:5)
  A worm (D:3)
  2 dart slugs
  33 orcs
  9 endoplasms
  A giant cockroach (D:1)
  9 goblins
  11 hobgoblins
  6 jackals
  3 quokkas
  5 ball pythons
  2 bats
  7 frilled lizards
  7 kobolds
  6 rats
252 creatures vanquished.

Vanquished Creatures (others)
  10 fungi
  25 plants
35 creatures vanquished.

Grand Total: 287 creatures vanquished

Notes
Turn   | Place    | Note
-------+----------+-------------------------------------------
     0 | D:1      | qw the Troll Cinder Acolyte began the quest for the Orb.
     0 | D:1      | Reached XP level 1. HP: 22/22 MP: 1/1
     0 | D:1      | 0 ||| qw: Version: 0.1-a-97-g2dd2ca4
     0 | D:1      | 0 ||| qw: Game counter: 4959
     0 | D:1      | 0 ||| qw: Always use a shield: true
     0 | D:1      | 0 ||| qw: God list: Okawaru
     0 | D:1      | 0 ||| qw: Allow faded altars: false
     0 | D:1      | 0 ||| qw: Do Orc after D:15 true
     0 | D:1      | 0 ||| qw: Do second Lair branch before Depths: true
     0 | D:1      | 0 ||| qw: Lair rune preference: random
     0 | D:1      | 0 ||| qw: Plans: Normal
     0 | D:1      | 0 ||| PLANNING D:1-11
    24 | D:1      | 24 ||| Stepping ~*~*~tactically~*~*~ (outnumbered).
    26 | D:1      | 26 ||| Stepping ~*~*~tactically~*~*~ (outnumbered).
    65 | D:1      | Found a faded altar of an unknown god.
    76 | D:1      | 76 ||| Stepping ~*~*~tactically~*~*~ (stealth).
    79 | D:1      | Reached XP level 2. HP: 29/29 MP: 2/2
   334 | D:1      | Reached skill level 4 in Unarmed Combat
   342 | D:1      | 342 ||| Stepping ~*~*~tactically~*~*~ (stealth).
   398 | D:1      | 398 ||| INVOKING Fiery Armour.
   398 | D:1      | HP: 3/29 [goblin/+1 dagger of distortion (9)]
   525 | D:1      | 525 ||| READING scroll labelled FAOPOQ GAUR.
   526 | D:1      | 526 ||| READING scroll labelled VIET ZISCHUORO.
   615 | D:2      | Reached XP level 3. HP: 36/36 MP: 3/3
   622 | D:2      | 622 ||| INVOKING Fiery Armour.
   630 | D:2      | 630 ||| Stepping ~*~*~tactically~*~*~ (outnumbered).
   631 | D:2      | 631 ||| Stepping ~*~*~tactically~*~*~ (outnumbered).
   632 | D:2      | 632 ||| Stepping ~*~*~tactically~*~*~ (outnumbered).
   633 | D:2      | 633 ||| Stepping ~*~*~tactically~*~*~ (outnumbered).
   636 | D:2      | 636 ||| Stepping ~*~*~tactically~*~*~ (outnumbered).
   638 | D:2      | 638 ||| Stepping ~*~*~tactically~*~*~ (outnumbered).
   639 | D:2      | 639 ||| Stepping ~*~*~tactically~*~*~ (outnumbered).
   640 | D:2      | 640 ||| Stepping ~*~*~tactically~*~*~ (outnumbered).
   648 | D:2      | Found a stormy altar of Qazlal.
   881 | D:2      | 881 ||| UPGRADING to ring of protection from cold.
   882 | D:2      | 882 ||| UPGRADING to +4 ring of protection.
   883 | D:2      | 883 ||| READING scroll labelled CUCAFI WAYMYEC.
   884 | D:2      | 884 ||| READING scroll labelled GEOXTU APNU.
   885 | D:2      | 885 ||| Stepping randomly (stuck).
   886 | D:2      | 886 ||| Stepping ~*~*~tactically~*~*~ (cloud).
  1157 | D:3      | Reached skill level 5 in Unarmed Combat
  1157 | D:3      | Reached XP level 4. HP: 44/44 MP: 4/4
  1211 | D:3      | 1211 ||| Stepping ~*~*~tactically~*~*~ (stealth).
  1212 | D:3      | 1212 ||| Stepping ~*~*~tactically~*~*~ (stealth).
  1288 | D:3      | Noticed a water moccasin
  1299 | D:3      | Killed a water moccasin
  1300 | D:3      | Reached skill level 6 in Unarmed Combat
  1300 | D:3      | Reached XP level 5. HP: 31/50 MP: 5/5
  1444 | D:3      | 1444 ||| Stepping ~*~*~tactically~*~*~ (stealth).
  1642 | D:3      | 1642 ||| READING scroll labelled BINEKE FAKUJU.
  1643 | D:3      | 1643 ||| READING scroll labelled BIALUQO SENI.
  1644 | D:3      | 1644 ||| READING scroll labelled CENNEUNES JUKE.
  1645 | D:3      | 1645 ||| DRINKING 2 ruby potions.
  1646 | D:3      | 1646 ||| DRINKING 3 red potions.
  1680 | D:3      | 1680 ||| READING 2 scrolls of identify.
  1680 | D:3      | 1680 ||| IDENTIFYING pink potion
  1681 | D:3      | 1681 ||| DROPPING 2 potions of lignification.
  1700 | D:4      | 1700 ||| STAIRDANCE
  1763 | D:4      | 1763 ||| Stepping ~*~*~tactically~*~*~ (stealth).
  1772 | D:4      | 1772 ||| Stepping ~*~*~tactically~*~*~ (hiding).
  1788 | D:4      | 1788 ||| Stepping ~*~*~tactically~*~*~ (outnumbered).
  1789 | D:4      | 1789 ||| Stepping ~*~*~tactically~*~*~ (outnumbered).
  1803 | D:4      | 1803 ||| Stepping ~*~*~tactically~*~*~ (stealth).
  1810 | D:4      | 1810 ||| INVOKING Fiery Armour.
  1811 | D:4      | HP: 12/50 [orc priest/+0 club (1)]
  1812 | D:4      | 1812 ||| DRINKING potion of heal wounds.
  1816 | D:4      | Reached XP level 6. HP: 33/59 MP: 6/6
  1869 | D:4      | Reached skill level 7 in Unarmed Combat
  1878 | D:4      | Noticed a steam dragon
  1879 | D:4      | 1879 ||| Stepping ~*~*~tactically~*~*~ (hiding).
  1884 | D:4      | Killed a steam dragon
  1885 | D:4      | 1885 ||| Stepping ~*~*~tactically~*~*~ (hiding).
  1888 | D:4      | 1888 ||| Stepping ~*~*~tactically~*~*~ (hiding).
  1889 | D:4      | 1889 ||| Stepping ~*~*~tactically~*~*~ (hiding).
  1890 | D:4      | 1890 ||| Stepping ~*~*~tactically~*~*~ (hiding).
  1891 | D:4      | 1891 ||| Stepping ~*~*~tactically~*~*~ (hiding).
  2109 | D:4      | Identified the +2 leather armour "Otsosuotefe" {rF+ rC+ rN+
                  | Dex-5}
  2120 | D:4      | Noticed Pikel
  2120 | D:4      | 2120 ||| Stepping ~*~*~tactically~*~*~ (stealth).
  2125 | D:4      | 2125 ||| Stepping ~*~*~tactically~*~*~ (outnumbered).
  2126 | D:4      | 2126 ||| Stepping ~*~*~tactically~*~*~ (outnumbered).
  2130 | D:4      | 2130 ||| Stepping ~*~*~tactically~*~*~ (outnumbered).
  2132 | D:4      | 2132 ||| FLEEEEING.
  2133 | D:4      | 2133 ||| FLEEEEING.
  2147 | D:4      | 2147 ||| INVOKING Fiery Armour.
  2148 | D:4      | Killed Pikel
  2149 | D:4      | Reached skill level 9 in Unarmed Combat
  2149 | D:4      | Reached XP level 7. HP: 34/66 MP: 7/7
  2277 | D:4      | 2277 ||| Stepping ~*~*~tactically~*~*~ (stealth).
  2281 | D:4      | 2281 ||| Stepping ~*~*~tactically~*~*~ (stealth).
  2597 | D:4      | 2597 ||| INVOKING Fiery Armour.
  2600 | D:4      | Reached skill level 3 in Fighting
  2600 | D:4      | Reached XP level 8. HP: 23/75 MP: 8/8
  2811 | D:4      | 2811 ||| READING 2 scrolls labelled ETUYNUDINE.
  2812 | D:4      | 2812 ||| READING scroll labelled GAMMOU NAQYCETT.
  2813 | D:4      | 2813 ||| READING 2 scrolls of identify.
  2813 | D:4      | 2813 ||| IDENTIFYING fizzy red potion
  2814 | D:4      | 2814 ||| DROPPING potion of flight.
  2853 | D:5      | Entered Level 5 of the Dungeon
  2863 | D:5      | Reached skill level 1 in Dodging
  2900 | D:5      | 2900 ||| Stepping ~*~*~tactically~*~*~ (stealth).
  2901 | D:5      | 2901 ||| Stepping ~*~*~tactically~*~*~ (stealth).
  2936 | D:5      | Reached skill level 10 in Unarmed Combat
  3249 | D:5      | 3249 ||| Stepping ~*~*~tactically~*~*~ (hiding).
  3250 | D:5      | 3250 ||| Stepping ~*~*~tactically~*~*~ (hiding).
  3252 | D:5      | 3252 ||| Stepping ~*~*~tactically~*~*~ (hiding).
  3719 | D:5      | 3719 ||| UPGRADING to +0 cloak.
  3724 | D:5      | 3724 ||| READING 2 scrolls of enchant armour.
  3724 | D:5      | 3724 ||| ENCHANTING +0 cloak.
  3725 | D:5      | 3725 ||| READING scroll of enchant armour.
  3725 | D:5      | 3725 ||| ENCHANTING +1 cloak.
  3726 | D:5      | 3726 ||| READING 3 scrolls of identify.
  3726 | D:5      | 3726 ||| IDENTIFYING silvery potion
  3727 | D:5      | 3727 ||| READING 2 scrolls of identify.
  3727 | D:5      | 3727 ||| IDENTIFYING murky yellow potion
  3728 | D:5      | 3728 ||| DROPPING potion of attraction.
  3737 | D:6      | 3737 ||| Stepping ~*~*~tactically~*~*~ (outnumbered).
  3738 | D:6      | 3738 ||| INVOKING Fiery Armour.
  3745 | D:6      | Reached skill level 1 in Throwing
  3760 | D:6      | 3760 ||| Stepping ~*~*~tactically~*~*~ (stealth).
  3761 | D:6      | 3761 ||| Stepping ~*~*~tactically~*~*~ (stealth).
  3762 | D:6      | 3762 ||| Stepping ~*~*~tactically~*~*~ (stealth).
  3764 | D:6      | 3764 ||| Stepping ~*~*~tactically~*~*~ (stealth).
  3765 | D:6      | 3765 ||| Stepping ~*~*~tactically~*~*~ (stealth).
  3769 | D:6      | 3769 ||| Stepping ~*~*~tactically~*~*~ (stealth).
  3773 | D:6      | 3773 ||| Stepping ~*~*~tactically~*~*~ (outnumbered).
  3774 | D:6      | 3774 ||| Stepping ~*~*~tactically~*~*~ (outnumbered).
  3775 | D:6      | 3775 ||| Stepping ~*~*~tactically~*~*~ (outnumbered).
  3778 | D:6      | 3778 ||| Stepping ~*~*~tactically~*~*~ (outnumbered).
  3833 | D:6      | Noticed Eustachio
  3843 | D:6      | Killed Eustachio
  3844 | D:6      | Reached skill level 11 in Unarmed Combat
  3844 | D:6      | Reached XP level 9. HP: 81/84 MP: 9/9
  4000 | D:6      | Found a staircase to the Ecumenical Temple.
  4025 | D:6      | Noticed Maggie
  4035 | D:6      | Killed Maggie
  4068 | D:6      | Reached skill level 12 in Unarmed Combat
  4096 | D:6      | Noticed Sigmund
  4097 | D:6      | 4097 ||| Stepping ~*~*~tactically~*~*~ (hiding).
  4108 | D:6      | Killed Sigmund
  4237 | D:6      | Found Hekhiax's Weapon Shoppe.
  4477 | D:6      | Found a faded altar of an unknown god.
  4501 | D:6      | Found a hazy altar of Hepliaklqana.
  4504 | D:6      | 4504 ||| DROPPING +2 cloak.
  4505 | D:6      | 4505 ||| UPGRADING to +0 steam dragon scales.
  4515 | D:6      | 4515 ||| DROPPING +0 robe.
  4516 | D:6      | 4516 ||| UPGRADING to +2 kite shield.
  4521 | D:6      | 4521 ||| READING 2 scrolls labelled COIBAJ TAPUDUR.
  4581 | D:7      | 4581 ||| Stepping ~*~*~tactically~*~*~ (stealth).
  4582 | D:7      | 4582 ||| Stepping ~*~*~tactically~*~*~ (stealth).
  4597 | D:7      | Found a flagged portal.
  4651 | D:7      | 4651 ||| Stepping ~*~*~tactically~*~*~ (stealth).
  4664 | D:7      | Reached skill level 1 in Shields
  4868 | D:7      | 4868 ||| Stepping ~*~*~tactically~*~*~ (stealth).
  4870 | D:7      | 4870 ||| Stepping ~*~*~tactically~*~*~ (stealth).
  4949 | D:7      | Reached skill level 3 in Shields
  5066 | D:7      | Found Ykkom's Weapon Shop.
  5295 | D:7      | 5295 ||| DRINKING 2 viscous blue potions.
  5296 | D:7      | 5296 ||| DROPPING potion of degeneration.
  5344 | D:8      | 5344 ||| Stepping ~*~*~tactically~*~*~ (hiding).
  5393 | D:8      | 5393 ||| Stepping ~*~*~tactically~*~*~ (stealth).
  5416 | D:8      | 5416 ||| INVOKING Fiery Armour.
  5420 | D:8      | Reached XP level 10. HP: 45/96 MP: 10/10
  5664 | D:8      | 5664 ||| Stepping ~*~*~tactically~*~*~ (outnumbered).
  5666 | D:8      | 5666 ||| Stepping ~*~*~tactically~*~*~ (outnumbered).
  5667 | D:8      | 5667 ||| Stepping ~*~*~tactically~*~*~ (outnumbered).
  5668 | D:8      | 5668 ||| Stepping ~*~*~tactically~*~*~ (outnumbered).
  5670 | D:8      | 5670 ||| Stepping ~*~*~tactically~*~*~ (outnumbered).
  5671 | D:8      | 5671 ||| Stepping ~*~*~tactically~*~*~ (outnumbered).
  5672 | D:8      | 5672 ||| Stepping ~*~*~tactically~*~*~ (outnumbered).
  5675 | D:8      | 5675 ||| Stepping ~*~*~tactically~*~*~ (outnumbered).
  5676 | D:8      | 5676 ||| Stepping ~*~*~tactically~*~*~ (outnumbered).
  5711 | D:8      | 5711 ||| Stepping ~*~*~tactically~*~*~ (stealth).
  5712 | D:8      | 5712 ||| Stepping ~*~*~tactically~*~*~ (stealth).
  5716 | D:8      | 5716 ||| Stepping ~*~*~tactically~*~*~ (stealth).
  5721 | D:8      | 5721 ||| Stepping ~*~*~tactically~*~*~ (stealth).
  5731 | D:8      | 5731 ||| Stepping ~*~*~tactically~*~*~ (hiding).
  5733 | D:8      | 5733 ||| Stepping ~*~*~tactically~*~*~ (hiding).
  5734 | D:8      | 5734 ||| Stepping ~*~*~tactically~*~*~ (hiding).
  5890 | D:8      | 5890 ||| Stepping ~*~*~tactically~*~*~ (hiding).
  6220 | D:8      | Found a glowing golden altar of the Shining One.
  6466 | D:8      | 6466 ||| READING scroll labelled KUIHOTROFY.
  6487 | D:9      | 6487 ||| INVOKING Fiery Armour.
  6562 | D:9      | Found a staircase to the Lair.
  6567 | D:9      | 6567 ||| Stepping ~*~*~tactically~*~*~ (outnumbered).
  6568 | D:9      | 6568 ||| Stepping ~*~*~tactically~*~*~ (outnumbered).
  6578 | D:9      | Reached skill level 1 in Armour
  6591 | D:9      | Reached skill level 6 in Shields
  6712 | D:9      | 6712 ||| Stepping ~*~*~tactically~*~*~ (hiding).
  6713 | D:9      | 6713 ||| Stepping ~*~*~tactically~*~*~ (hiding).
  6960 | D:9      | 6960 ||| Stepping randomly (disturbance).
  6961 | D:9      | 6961 ||| Stepping randomly (disturbance).
  7086 | D:9      | Noticed Harold
  7087 | D:9      | 7087 ||| Stepping ~*~*~tactically~*~*~ (hiding).
  7101 | D:9      | Killed Harold
  7277 | D:9      | Found a glowing silver altar of Zin.
  7337 | D:9      | 7337 ||| PLANNING LAIR
  7337 | D:9      | 7337 ||| READING scroll labelled DEDGHI OKHLICEI.
  7338 | D:9      | 7338 ||| DRINKING 2 fuming clear potions.
  7368 | Lair:1   | Entered Level 1 of the Lair of Beasts
  7451 | Lair:1   | Reached skill level 9 in Shields
  7486 | Lair:1   | Noticed a five-headed hydra
  7487 | Lair:1   | 7487 ||| INVOKING Fiery Armour.
  7492 | Lair:1   | Killed a seven-headed hydra
  7493 | Lair:1   | Reached XP level 11. HP: 63/102 MP: 11/11
  7721 | Lair:1   | Reached skill level 13 in Unarmed Combat
  8243 | Lair:1   | 8243 ||| DROPPING amulet of magic regeneration.
  8244 | Lair:1   | 8244 ||| READING scroll labelled SADUUPP ADYJYH.
  8245 | Lair:1   | 8245 ||| READING scroll labelled SILITEARPHI.
  8246 | Lair:1   | 8246 ||| READING 3 scrolls of identify.
  8246 | Lair:1   | 8246 ||| IDENTIFYING glowing golden potion
  8247 | Lair:1   | 8247 ||| READING 2 scrolls of identify.
  8247 | Lair:1   | 8247 ||| IDENTIFYING murky white potion
  8248 | Lair:1   | 8248 ||| DROPPING potion of ambrosia.
  8249 | Lair:1   | 8249 ||| DROPPING potion of brilliance.
  8299 | Lair:2   | 8299 ||| INVOKING Fiery Armour.
  8299 | Lair:2   | Noticed a four-headed hydra
  8306 | Lair:2   | 8306 ||| Stepping ~*~*~tactically~*~*~ (outnumbered).
  8309 | Lair:2   | 8309 ||| Stepping ~*~*~tactically~*~*~ (outnumbered).
  8311 | Lair:2   | Killed a five-headed hydra
  8320 | Lair:2   | HP: 20/102 [blink frog (6)]
  8321 | Lair:2   | 8321 ||| READING 2 scrolls of teleportation.
  8322 | Lair:2   | 8322 ||| DRINKING potion of heal wounds.
  8468 | Lair:2   | 8468 ||| FLEEEEING.
  8469 | Lair:2   | 8469 ||| FLEEEEING.
  8513 | Lair:2   | 8513 ||| Stepping ~*~*~tactically~*~*~ (stealth).
  8565 | Lair:2   | Noticed a five-headed hydra
  8566 | Lair:2   | 8566 ||| INVOKING Fiery Armour.
  8573 | Lair:2   | Killed an eight-headed hydra
  8677 | Lair:2   | 8677 ||| Stepping ~*~*~tactically~*~*~ (outnumbered).
  8678 | Lair:2   | 8678 ||| Stepping ~*~*~tactically~*~*~ (outnumbered).
  8679 | Lair:2   | 8679 ||| Stepping ~*~*~tactically~*~*~ (outnumbered).
  8681 | Lair:2   | Reached skill level 14 in Unarmed Combat
  8716 | Lair:2   | 8716 ||| Stepping ~*~*~tactically~*~*~ (stealth).
  8718 | Lair:2   | 8718 ||| Stepping ~*~*~tactically~*~*~ (stealth).
  8727 | Lair:2   | 8727 ||| Stepping ~*~*~tactically~*~*~ (hiding).
  8730 | Lair:2   | Noticed a six-headed hydra
  8731 | Lair:2   | 8731 ||| INVOKING Fiery Armour.
  8746 | Lair:2   | 8746 ||| Stepping ~*~*~tactically~*~*~ (outnumbered).
  8748 | Lair:2   | 8748 ||| Stepping ~*~*~tactically~*~*~ (outnumbered).
  8752 | Lair:2   | Killed a nine-headed hydra
  8753 | Lair:2   | Reached skill level 6 in Fighting
  8841 | Lair:2   | Noticed Erica
  8842 | Lair:2   | 8842 ||| INVOKING Fiery Armour.
  8843 | Lair:2   | 8843 ||| DRINKING 5 potions of curing.
  8843 | Lair:2   | 8843 ||| (to cure confusion)
  8850 | Lair:2   | 8850 ||| DRINKING 4 potions of curing.
  8850 | Lair:2   | 8850 ||| (to cure confusion)
  8854 | Lair:2   | Killed Erica
  8855 | Lair:2   | Reached XP level 12. HP: 108/115 MP: 12/12
  8889 | Lair:2   | 8889 ||| Stepping ~*~*~tactically~*~*~ (stealth).
  9483 | Lair:2   | 9483 ||| PLANNING TEMPLE
  9483 | Lair:2   | 9483 ||| READING scroll labelled COZA LE ZAOXOE.
  9535 | Lair:2   | 9535 ||| READING 2 scrolls of identify.
  9535 | Lair:2   | 9535 ||| IDENTIFYING smoky emerald potion
  9706 | Temple   | Entered the Ecumenical Temple
  9721 | Temple   | 9721 ||| PLANNING CONVERSION TO OKAWARU
  9729 | Temple   | Fell from the grace of Ignis
  9729 | Temple   | Became a worshipper of Warmaster Okawaru
  9730 | Temple   | 9730 ||| PLANNING LAIR
  9988 | Lair:3   | 9988 ||| FLEEEEING.
  9989 | Lair:3   | 9989 ||| FLEEEEING.
 10058 | Lair:3   | Reached skill level 15 in Unarmed Combat
 10126 | Lair:3   | Noticed a death yak
 10128 | Lair:3   | Noticed a death yak
 10131 | Lair:3   | Noticed a death yak
 10132 | Lair:3   | 10132 ||| Stepping ~*~*~tactically~*~*~ (stealth).
 10134 | Lair:3   | 10134 ||| Stepping ~*~*~tactically~*~*~ (stealth).
 10135 | Lair:3   | 10135 ||| Stepping ~*~*~tactically~*~*~ (stealth).
 10136 | Lair:3   | 10136 ||| Stepping ~*~*~tactically~*~*~ (stealth).
 10140 | Lair:3   | 10140 ||| Stepping ~*~*~tactically~*~*~ (outnumbered).
 10141 | Lair:3   | 10141 ||| Stepping ~*~*~tactically~*~*~ (outnumbered).
 10142 | Lair:3   | 10142 ||| Stepping ~*~*~tactically~*~*~ (outnumbered).
 10143 | Lair:3   | 10143 ||| Stepping ~*~*~tactically~*~*~ (outnumbered).
 10144 | Lair:3   | 10144 ||| Stepping ~*~*~tactically~*~*~ (outnumbered).
 10144 | Lair:3   | HP: 12/115 [death yak (22)]
 10145 | Lair:3   | 10145 ||| READING scroll of teleportation.
 10150 | Lair:3   | 10150 ||| Stepping ~*~*~tactically~*~*~ (outnumbered).
 10151 | Lair:3   | 10151 ||| Stepping ~*~*~tactically~*~*~ (outnumbered).
 10151 | Lair:3   | Slain by a death yak

Levels and vault maps discovered:
D:1:      minmay_arrival_cross, layout_basic, hellmonk_ecumenical_altar_run_dry,
          serial_bayou, serial_bayou_pond_d, serial_bayou_pond_a,
          serial_bayou_pond_c, serial_bayou_pond_d, serial_bayou_shore_a,
          serial_bayou_shore_b
D:2:      layout_rooms, basic_altar
D:3:      layout_loops_cross, dreamdust_mushroom_princess, dk_noncrumbling_4
D:4:      layout_basic, uniq_pikel
D:5:      layout_basic, corexii_leaking_fountain
D:6:      layout_gridville, beargit_hepliaklqana_dungeon_heroes, temple_doors_e,
          serial_shops, shop, nicolae_kite_square_tiling_tiny, uniq_eustachio,
          uniq_maggie, uniq_sigmund
D:7:      layout_basic, serial_shops, nicolae_shop_behind_doors, enter_bailey_5,
          lightli_orcish_oven
D:8:      layout_gridville, lemuel_round_altar
D:9:      layout_small_grid, zin_scriptorium, erik_lair_island,
          kennysheep_generic_room_3, uniq_harold
Temple:   nicolae_temple_bog_church
Lair:1:   layout_roguey, infiniplex_staircase_pool, grunt_megastairs_5
Lair:2:   layout_gridlike, serial_rivers, chequers_serial_rivers_room_b,
          chequers_serial_rivers_micro_a, chequers_serial_rivers_micro_d,
          chequers_serial_rivers_large_b, grunt_forest_small_clearing_treed,
          uniq_erica
Lair:3:   layout_small_grid, elwin_shoals_entry_rooms,
          minmay_snake_entry_spellcaster, minivault_19

Skill      XL: |  1  2  3  4  5  6  7  8  9 10 11 12 |
---------------+-------------------------------------+-----
Unarmed Combat | 4 5 6 9 11 12 14 15 | 15.0
Fighting       | 3 4 5 6 |  6.3
Dodging        | 1 |  1.8
Throwing       | 1 |  1.3
Shields        | 4 9 10 | 10.1
Armour         | 1 2 |  2.0
Spellcasting   | |  1.0
Fire Magic     | |  2.1

Action                   |  1- 3 |  4- 6 |  7- 9 | 10-12 || total
-------------------------+-------+-------+-------+-------++-------
Melee: Unarmed           |    79 |   100 |   233 |   395 ||   807
       Punch             |     1 |       |     3 |       ||     4
Throw: Boomerang         |    22 |    27 |    35 |    79 ||   163
Invok: Fiery Armour      |     2 |     2 |     3 |     6 ||    13
  Use: Scroll            |     4 |     4 |     8 |    10 ||    26
       Potion            |       |     3 |     1 |     4 ||     8
Armor: Robe              |    23 |    43 |    48 |       ||   114
       Steam dragon scal |       |       |    19 |   158 ||   177
Dodge: Dodged            |    32 |    54 |    48 |    96 ||   230
Block: Kite shield       |       |       |    22 |   169 ||   191

Table legend:
 A = Non-vault XP
 B = Vault XP
 C = Vault XP percentage of total XP
 D = Non-vault monster count
 E = Vault monster count
 F = Vault count percentage of total count
                 A         B        C        D         E       F
            +---------+---------+-------+---------+---------+-------
      Total |   20147 |    4655 |  18.8 |     221 |      27 |  10.9
            +---------+---------+-------+---------+---------+-------
        D:1 |      38 |       0 |   0.0 |      21 |       0 |   0.0
        D:2 |      46 |       0 |   0.0 |       6 |       0 |   0.0
        D:3 |     211 |       0 |   0.0 |      23 |       0 |   0.0
        D:4 |     578 |     663 |  53.4 |      31 |       1 |   3.1
        D:5 |     687 |       0 |   0.0 |      15 |       0 |   0.0
        D:6 |    1228 |     922 |  42.9 |      24 |       4 |  14.3
        D:7 |     717 |      22 |   3.0 |      15 |       9 |  37.5
        D:8 |     897 |       0 |   0.0 |      22 |       0 |   0.0
        D:9 |    2107 |    1829 |  46.5 |      20 |      11 |  35.5
     Lair:1 |    3782 |     367 |   8.8 |       9 |       1 |  10.0
     Lair:2 |    7816 |     852 |   9.8 |      28 |       1 |   3.4
     Lair:3 |    2040 |       0 |   0.0 |       7 |       0 |   0.0
            +---------+---------+-------+---------+---------+-------
